 Dungeon Crawl Stone Soup version 0.31.0-11-ge490571c62 (webtiles) character file.

Game seed: 15300176434765087719

2950 ces the Severer (level 9, -3/70 HPs)
             Began as a Minotaur Fighter on Jan 30, 2024.
             Slain by a wyvern (16 damage)
             ... on level 7 of the Dungeon.
             The game lasted 00:09:16 (6739 turns).

ces the Severer (Minotaur Fighter)                  Turns: 6739, Time: 00:09:16

Health: -3/70      AC:  6    Str: 25    XL:     9   Next: 51%
Magic:  8/8        EV:  9    Int:  5    God:
Gold:   326        SH:  4    Dex: 10    Spells: 8/8 levels left

rFire   . . .        a - +0 war axe
rCold   . . .        c - +0 buckler
rNeg    . . .        b - +0 scale mail
rPois   .            (helmet restricted)
rElec   .            (no cloak)
rCorr   +            (no gloves)
SInv    .            (no boots)
Will    .....        (no amulet) Stlth
                     f - ring of resist corrosion
HPRegen 0.31/turn    (no ring)
MPRegen 0.11/turn

%: no passive effects
@: invisible
A: horns 2, retaliatory headbutt
a: no special abilities


You were on level 7 of the Dungeon.
You visited 2 branches of the dungeon, and saw 8 of its levels.
You also visited: Ossuary.

You collected 326 gold pieces.

Inventory:

Hand Weapons
 a - a +0 war axe (weapon)
Armour
 b - a +0 scale mail (worn)
 c - a +0 buckler (worn)
 i - the +5 tower shield "Wirchamy" {Rampage *Slow Regen+ Str+2}
   (You found it on level 2 of the Dungeon)

   Str+2:     It affects your strength (+2).
   Regen+:    It increases your rate of health regeneration.
   *Slow:     It may slow you when you take damage.
   Rampage:   It bestows one free step when moving towards enemies.
Jewellery
 f - a ring of resist corrosion (left hand)
 q - a ring of flight
 w - a +5 ring of evasion
 z - a +4 ring of protection
Wands
 o - a wand of flame (25)
 B - a wand of iceblast (5)
Scrolls
 e - a scroll of enchant weapon {unknown}
 h - 2 scrolls of fog
 k - 3 scrolls of teleportation
 l - a scroll of noise {unknown}
 m - 2 scrolls of fear {unknown}
 p - 3 scrolls of amnesia
 u - 2 scrolls of immolation {unknown}
 y - a scroll of identify
Potions
 g - a potion of cancellation
 j - a potion of resistance
 n - a potion of curing
 r - 4 potions of mutation {unknown}
 s - 2 potions of attraction {unknown}
 t - a potion of ambrosia {unknown}
 v - a potion of might
 x - a potion of enlightenment {unknown}
 A - a potion of heal wounds {unknown}


   Skills:
 - Level 3.6 Fighting
 * Level 15.6 Axes
 - Level 3.6 Armour
 - Level 3.6 Shields


You had 8 spell levels left.
You didn't know any spells.
Your spell library contained the following spells:

 Spells                   Type           Power      Damage    Failure   Level
 Apportation              Tloc           0%         N/A       83%         1
 Kiss of Death            Conj/Necr      0%         2d5       83%         1
 Necrotise                Necr           0%         1d4       83%         1
 Sting                    Conj/Alch      0%         1d3       83%         1
 Summon Small Mammal      Summ           0%         N/A       83%         1
 Cigotuvi's Dreadful Rot  Necr/Alch/Air  0%         N/A       92%         2
 Confusing Touch          Hex            0%         N/A       99%         3
 Dispel Undead            Necr           0%         3d6       100%        4
 Ignite Poison            Fire/Alch      0%         N/A       100%        4
 Freezing Cloud           Conj/Ice/Air   0%         6-21      100%        5


Dungeon Overview and Level Annotations

Branches:
Dungeon (7/15)             Temple (1/1) D:6         Ossuary (visited)

Altars:
Ashenzari
Cheibriados
Dithmenos
Elyvilon
Fedhas
Kikubaaqudgha
Okawaru
Qazlal
Ru
Sif Muna
Trog
Uskayaw
Wu Jian
Xom
Yredelemnul
Zin
The Shining One

Shops:
D:1 ?   D:2 !   D:6 (   D:7 ==(([

Annotations:
D:3 2 runed translucent doors, labirda's ghost, amateur OpSh
D:5 1 runed translucent door, yey's ghost, novice GnWr


Innate Abilities, Weirdness & Mutations

You have a pair of horns on your head.
You reflexively headbutt those who attack you in melee.


Message History

The wyvern hisses angrily.
The kobold brigand throws a curare-tipped dart.
The curare-tipped dart hits you.
You are poisoned.
You have difficulty breathing.
You feel yourself slow down.
The kobold throws a stone.
You block the stone.
You hit the kobold but do no damage. You headbutt the kobold.
You kill the kobold!
You feel sick.
You feel sick. The kobold attacks as it pursues you!
You block the kobold's attack.
You feel sick. The wyvern bites you.
You feel sick. The wyvern barely misses you.
You feel sick.
You are no longer poisoned.
The wyvern bites you! The wyvern attacks as it pursues you!
The wyvern bites you!
The wyvern bites you but does no damage.
The wyvern bites you.
* * * LOW HITPOINT WARNING * * *
The wyvern bites you.
* * * LOW HITPOINT WARNING * * *
The wyvern bites you but does no damage.
You fade into invisibility!
You block the wyvern's attack. The wyvern bites you!
* * * LOW HITPOINT WARNING * * *
Okay, then.
The kobold throws a stone.
The stone barely misses the kobold.
The stone hits the wyvern but does no damage.
The wyvern barely misses you.
The kobold brigand throws a curare-tipped dart.
The curare-tipped dart hits the kobold.
The kobold is poisoned.
The kobold struggles to breathe.
The kobold dies!
The wyvern bites you!
* * * LOW HITPOINT WARNING * * *
You feel yourself speed up. The wyvern closely misses you.
You feel better. The wyvern bites you!
You die...

######################
#.....................
#.####################
############.#
#............#####
.............#
#@##########......
....#####....# #k#
######### #.......+....#
#.#######.... #
#...#####....###K#.......##
# #...#
......+..K..K......# #...#
.......###.#.K..∩...#
#.#.##<....#.# #.####.....#
##...#.......# #.# #.....#
#............# #.# #)....#


You could see a wyvern (unable to see you), a kobold brigand (unable to see you)
and a kobold (unable to see you).

Vanquished Creatures
  Prince Ribbit (D:5)
  Sigmund (D:4)
  Eustachio (D:4)
  Menkaure (D:4)
  Edmund (D:4)
  Duvessa (D:5)
  A water moccasin (D:7)
  2 sky beasts
  3 black bears
  2 ogres
  A centaur (D:5)
  3 elf zombies (Ossuary)
  A bullfrog (D:6)
  A kobold brigand (D:7)
  A scorpion (D:4)
  Dowan (D:5)
  3 hounds (D:6)
  2 bombardier beetles
  2 orc priests
  2 sleepcaps
  Terence (D:2)
  5 iguanas
  3 orc wizards
  A hound zombie (Ossuary)
  4 mummies (Ossuary)
  7 adders
  8 gnolls
  A white imp (D:6)
  6 ufetubi
  An adder zombie (Ossuary)
  3 ribbon worms
  A dart slug (D:1)
  15 orcs
  3 bats (D:2)
  8 endoplasms
  10 giant cockroaches
  6 goblins
  6 hobgoblins
  A jackal (D:3)
  12 kobolds
  3 quokkas
  6 ball pythons
  6 frilled lizards
  A goblin zombie (Ossuary)
  A hobgoblin zombie (Ossuary)
  A jackal zombie (Ossuary)
  A kobold zombie (Ossuary)
  2 orc zombies (Ossuary)
  2 quokka zombies (D:5)
  6 rats
  A rat zombie (Ossuary)
163 creatures vanquished.

Vanquished Creatures (others)
  A kobold (D:7)
1 creature vanquished.

Grand Total: 164 creatures vanquished

Notes
Turn   | Place    | Note
-------+----------+-------------------------------------------
     0 | D:1      | ces the Minotaur Fighter began the quest for the Orb.
     0 | D:1      | Reached XP level 1. HP: 19/19 MP: 0/0
    53 | D:1      | Reached skill level 3 in Axes
    54 | D:1      | Reached XP level 2. HP: 26/26 MP: 1/1
   131 | D:1      | Found Inoewiafi's Magic Scroll Shop.
   153 | D:1      | Reached skill level 4 in Axes
   301 | D:1      | Reached XP level 3. HP: 31/31 MP: 2/2
   632 | D:2      | Identified the +5 tower shield "Wirchamy" {Rampage *Slow
                  | Regen+ Str+2}
   711 | D:2      | Found a shimmering blue altar of Sif Muna.
   711 | D:2      | Noticed Terence
   724 | D:2      | Killed Terence
   725 | D:2      | Reached skill level 5 in Axes
   725 | D:2      | Reached XP level 4. HP: 17/39 MP: 3/3
  1337 | D:2      | Found Oricagg's Distillery.
  1592 | D:3      | Reached skill level 6 in Axes
  1697 | D:3      | Reached XP level 5. HP: 24/45 MP: 4/4
  2113 | D:3      | Reached skill level 7 in Axes
  2250 | D:3      | Found a large runed translucent door.
  2250 | D:3      | Found a large runed translucent door.
  2255 | D:3      | Noticed labirda's ghost (amateur OpSh)
  2787 | D:4      | Noticed Sigmund
  2797 | D:4      | Killed Sigmund
  2798 | D:4      | Reached skill level 8 in Axes
  2798 | D:4      | Reached XP level 6. HP: 50/51 MP: 5/5
  2957 | D:4      | Reached skill level 9 in Axes
  3045 | D:4      | Found a shadowy altar of Dithmenos.
  3087 | D:4      | Noticed a sky beast
  3100 | D:4      | Killed a sky beast
  3101 | D:4      | Reached XP level 7. HP: 52/57 MP: 6/6
  3145 | D:4      | Noticed Edmund
  3146 | D:4      | Noticed Menkaure
  3158 | D:5      | Entered Level 5 of the Dungeon
  3165 | D:5      | Noticed Prince Ribbit
  3298 | D:5      | Found a sand-covered staircase.
  3320 | Ossuary  | Entered an ossuary
  3340 | Ossuary  | Reached skill level 10 in Axes
  3640 | Ossuary  | Reached skill level 11 in Axes
  3850 | D:5      | Found a sacrificial altar of Ru.
  3908 | D:5      | Reached XP level 8. HP: 40/64 MP: 7/7
  4107 | D:5      | Killed Prince Ribbit
  4174 | D:5      | Noticed Dowan
  4180 | D:5      | Noticed yey's ghost (novice GnWr)
  4183 | D:5      | Found a runed translucent door.
  4244 | D:4      | Reached skill level 12 in Axes
  4299 | D:4      | Found a snail-covered altar of Cheibriados.
  4316 | D:4      | Killed Menkaure
  4321 | D:4      | Killed Edmund
  4322 | D:4      | Reached skill level 13 in Axes
  4521 | D:4      | Noticed Eustachio
  4529 | D:4      | Killed Eustachio
  4622 | D:4      | Identified the +0 mace of Infinity {flame, rPois}
  5074 | D:5      | Noticed Duvessa
  5083 | D:5      | Killed Duvessa
  5084 | D:5      | Reached skill level 14 in Axes
  5084 | D:5      | Reached XP level 9. HP: 62/70 MP: 8/8
  5095 | D:5      | Killed Dowan
  5488 | D:6      | Found a glowing golden altar of the Shining One.
  5488 | D:6      | Found a stormy altar of Qazlal.
  5537 | D:6      | Found Nuruuw's Antique Weapon Shoppe.
  5719 | D:6      | Found a staircase to the Ecumenical Temple.
  5734 | Temple   | Entered the Ecumenical Temple
  5894 | D:6      | Reached skill level 15 in Axes
  6111 | D:7      | Found Bicawn's Jewellery Shoppe.
  6286 | D:7      | Found Harysur's Weapon Shop.
  6399 | D:7      | Found a hide-covered altar of Uskayaw.
  6484 | D:7      | Found Jebez's Jewellery Emporium.
  6573 | D:7      | Found Negea's Antique Armour Boutique.
  6720 | D:7      | Found Raorch's Weapon Shoppe.
  6737 | D:7      | HP: 1/70 [wyvern (11)]
  6739 | D:7      | Slain by a wyvern

Illustrated notes

Levels and vault maps discovered:
D:1:      dpeg_arrival_rooms_b, layout_basic, serial_shops, shop,
          minmay_worlds_worst_comb
D:2:      layout_basic, basic_altar, serial_shops, shop, uniq_terence
D:3:      layout_loops_corners, ebering_ghost_disaster_area, minmay_bisected
D:4:      layout_loops_cross, mainiacjoe_overflow_alcove_2,
          mainiacjoe_overflow_cross_hatched, uniq_eustachio, uniq_edmund,
          uniq_menkaure, uniq_sigmund
D:5:      layout_gridville, mainiacjoe_overflow_surrounded_room,
          enter_ossuary_4, hellmonk_ghost_happy_afterlife, uniq_prince_ribbit1,
          uniq_duvessa
D:6:      layout_cave_pools, gammafunk_temple_overflow_pools,
          minmay_temple_entry_junction_2, serial_shops, nicolae_shop_peninsula,
          dreamdust_wishing_well
D:7:      layout_basic, nicolae_overflow_hidden_temple, serial_shops, shop,
          shop, nicolae_shop_hallway_plus, nicolae_shop_waterfront,
          nicolae_shop_advertising_works [nicolae_subvault_shop_adworks],
          gammafunk_ghost_abyssal_escape
Temple:   hellmonk_temple_of_storms

Skill      XL: |  1  2  3  4  5  6  7  8  9 |
---------------+----------------------------+-----
Axes           | 3 4 5 6 8 9 11 14 15 | 15.6
Fighting       | |  3.6
Armour         | |  3.6
Shields        | |  3.6

Action                     |  1- 3 |  4- 6 |  7- 9 || total
---------------------------+-------+-------+-------++-------
  Melee: War axe           |    77 |   130 |   204 ||   411
         Headbutt          |     6 |    16 |    44 ||    66
    Use: Potion            |     1 |     2 |     4 ||     7
         Scroll            |     1 |     1 |     4 ||     6
   Stab: Invisible         |       |       |     1 ||     1
 Armour: Scale mail        |    48 |    92 |   145 ||   285
  Dodge: Dodged            |    37 |    63 |    88 ||   188
  Block: Buckler           |    25 |    21 |    42 ||    88
